ESL (28 & UNDER)
MT PLEASANT BEARCATS @ WILMINGTON REBELS
09/13/2025
 
TOP OF THE 1ST
Mt Pleasant Bearcats batting - Pitching for Wilmington Rebels : RHP Kip Brown
Pitching: RHP Kip Brown
Batting: RHB Yasutoki Kojima 0-0: Called Strike
0-1: Ball
1-1: Ball
2-1: Ball
3-1: Base on Balls
Batting: RHB Ramiro Chávez 0-0: Called Strike
0-1: Ball
1-1: Ball
2-1: Ball
3-1: Base on Balls
Yasutoki Kojima to second
Batting: RHB Jesús Ramírez 0-0: Called Strike
0-1: Ball
1-1: Ball
2-1: Ball
3-1: Ground out 3-1 (Groundball, 34S)
Yasutoki Kojima to third
Ramiro Chávez to second
Batting: RHB Ichizo Akiyama 0-0: Foul Ball, location: 2F
0-1: Ball
1-1: Ground out 5-3 (Groundball, 5S)
Batting: RHB Luis Maldonado 0-0: SINGLE (Flyball, 9S)
Yasutoki Kojima scores
Ramiro Chávez to third
Runner from 3rd tries for Home, SAFE, no throw or cutoff
Batting: RHB Chris Jones 0-0: Called Strike
0-1: Called Strike
0-2: Ball
1-2: Ball
2-2: Ball
Wild Pitch!
Luis Maldonado to second
3-2: DOUBLE (Flyball, 9D)
Luis Maldonado scores
Batting: RHB Ricardo Salazar 0-0: Ball
1-0: Ball
2-0: SINGLE (Groundball, 56)
Chris Jones to third
Batting: RHB Carlos Luna 0-0: Ball
1-0: SINGLE (Groundball, 56)
Chris Jones scores
Ricardo Salazar to second
Batting: RHB Patrick Potts 0-0: Ball
1-0: Fly out, F8 (Flyball, 8RM)
Top of the 1st over - 4 run(s), 4 hit(s), 0 error(s), 2 left on base; Mt Pleasant 4 - Wilmington 0
BOTTOM OF THE 1ST
Wilmington Rebels batting - Pitching for Mt Pleasant Bearcats : RHP Curt Howard
Pitching: RHP Curt Howard
Batting: RHB Shawn Marshall 0-0: Bunt missed!
0-1: Ball
1-1: Ball
2-1: Ball
3-1: Base on Balls
Batting: RHB Octávio Marín 0-0: Swinging Strike
0-1: Ball
1-1: Swinging Strike
1-2: Strikes out looking
Batting: LHB Dave Watson 0-0: Swinging Strike
0-1: 2-RUN HOME RUN (Flyball, 89XD), Distance : 411 ft
Batting: RHB Stephen Cochran 0-0: Ball
1-0: Ball
2-0: Fly out, F9 (Flyball, 9LSF)
Batting: RHB Vicente Valentín 0-0: Called Strike
0-1: Foul Ball, location: 2F
0-2: Ball
1-2: Strikes out swinging
Bottom of the 1st over - 2 run(s), 1 hit(s), 0 error(s), 0 left on base; Mt Pleasant 4 - Wilmington 2
TOP OF THE 2ND
Mt Pleasant Bearcats batting - Pitching for Wilmington Rebels : RHP Kip Brown
Batting: RHB Yasutoki Kojima 0-0: Ball
1-0: Foul Ball, location: 2F
1-1: Foul Ball, location: 2F
1-2: Fly out, F4 (Popup, 3D)
Batting: RHB Ramiro Chávez 0-0: Ball
1-0: Foul Ball, location: 2F
1-1: Called Strike
Error on foul ball, E2
1-2: Foul Ball, location: 2F
1-2: SINGLE (Line Drive, 6D)
Batting: RHB Jesús Ramírez 0-0: Ball
1-0: SINGLE (Flyball, 9LM)
Ramiro Chávez to second
Batting: RHB Ichizo Akiyama 0-0: Called Strike
0-1: Swinging Strike
0-2: Foul Ball, location: 2F
0-2: Strikes out swinging
Batting: RHB Luis Maldonado 0-0: SINGLE (Line Drive, 34D)
Ramiro Chávez to third
Jesús Ramírez to second
Runner from 3rd tries for Home, SAFE, no throw or cutoff
Batting: RHB Chris Jones 0-0: Ball
1-0: Called Strike
1-1: Ball
2-1: Called Strike
2-2: Strikes out looking
Top of the 2nd over - 1 run(s), 3 hit(s), 1 error(s), 2 left on base; Mt Pleasant 5 - Wilmington 2
BOTTOM OF THE 2ND
Wilmington Rebels batting - Pitching for Mt Pleasant Bearcats : RHP Curt Howard
Batting: RHB Carlos Ordóńez 0-0: Ball
1-0: Called Strike
1-1: Called Strike
1-2: Foul Ball, location: 2F
1-2: Ball
2-2: Strikes out swinging
Batting: RHB Al Reese 0-0: Called Strike
0-1: Hit by Pitch
Batting: LHB Chandler Hubbard 0-0: Ball
1-0: Ball
2-0: Called Strike
2-1: Swinging Strike
2-2: Strikes out swinging
Batting: LHB David Cháves 0-0: Ball
1-0: Foul Ball, location: 2F
1-1: Fly out, F9 (Line Drive, 9M)
Bottom of the 2nd over - 0 run(s), 0 hit(s), 0 error(s), 1 left on base; Mt Pleasant 5 - Wilmington 2
TOP OF THE 3RD
Mt Pleasant Bearcats batting - Pitching for Wilmington Rebels : RHP Kip Brown
Batting: RHB Ricardo Salazar 0-0: Ball
1-0: Ball
2-0: Swinging Strike
2-1: Foul Ball, location: 2F
2-2: Strikes out swinging
Batting: RHB Carlos Luna 0-0: Called Strike
0-1: SINGLE (Groundball, 6MD)
Batting: RHB Patrick Potts 0-0: Called Strike
0-1: Ball
1-1: Ball
2-1: Called Strike
2-2: Foul Ball, location: 2F
2-2: Foul Ball, location: 2F
2-2: Foul Ball, location: 2F
2-2: Fly out, F6 (Line Drive, 6S)
Batting: RHB Yasutoki Kojima 0-0: Ball
1-0: Swinging Strike
1-1: Called Strike
1-2: Ground out 5-3 (Groundball, 56)
Top of the 3rd over - 0 run(s), 1 hit(s), 0 error(s), 1 left on base; Mt Pleasant 5 - Wilmington 2
BOTTOM OF THE 3RD
Wilmington Rebels batting - Pitching for Mt Pleasant Bearcats : RHP Curt Howard
Batting: RHB Shawn Marshall 0-0: Foul Ball, location: 2F
0-1: DOUBLE (Line Drive, 3L)
Batting: RHB Octávio Marín 0-0: DOUBLE (Flyball, 9LS)
Shawn Marshall scores
Batting: LHB Dave Watson 0-0: Ball
1-0: Ball
2-0: Fly out, F7 (Flyball, 7M)
Batting: RHB Stephen Cochran 0-0: Ball
1-0: Ball
2-0: Ball
3-0: Called Strike
3-1: SINGLE (Groundball, 6MD)
Octávio Marín to third
Runner from 3rd tries for Home, throw and OUT!
Stephen Cochran to second
Now in CF: Juan Trujillo
Batting: RHB Vicente Valentín 0-0: Ball
1-0: Called Strike
1-1: Ball
2-1: Ball
3-1: Swinging Strike
3-2: Base on Balls
Batting: RHB Carlos Ordóńez 0-0: Foul Ball, location: 2F
0-1: Ball
1-1: Swinging Strike
1-2: Foul Ball, location: 2F
1-2: Foul Ball, location: 2F
1-2: Foul Ball, location: 2F
1-2: Ground out 1-3 (Groundball, 15)
Bottom of the 3rd over - 1 run(s), 3 hit(s), 0 error(s), 2 left on base; Mt Pleasant 5 - Wilmington 3
TOP OF THE 4TH
Mt Pleasant Bearcats batting - Pitching for Wilmington Rebels : RHP Kip Brown
Batting: RHB Ramiro Chávez 0-0: Called Strike
0-1: Ball
1-1: SINGLE (Groundball, 5L)
Batting: RHB Jesús Ramírez 0-0: Called Strike
0-1: SINGLE (Flyball, 7LM)
Ramiro Chávez to second
Batting: RHB Ichizo Akiyama 0-0: Swinging Strike
0-1: Ball
1-1: SINGLE (Line Drive, 78S)
Ramiro Chávez to third
Jesús Ramírez to second
Batting: RHB Luis Maldonado 0-0: Called Strike
0-1: Grounds into double play, 6-4-3 (Groundball, 6)
Ramiro Chávez scores
Jesús Ramírez to third
Batting: RHB Chris Jones 0-0: Ball
1-0: Swinging Strike
1-1: Ball
2-1: Ball
3-1: Called Strike
3-2: Base on Balls
Batting: RHB Juan Trujillo 0-0: Swinging Strike
0-1: Ball
1-1: SINGLE (Flyball, 8RS)
Jesús Ramírez scores
Chris Jones to second
Throwing error, E8
Chris Jones scores
Juan Trujillo to second
Pitching: LHP Miguel Valentín
Batting: RHB Carlos Luna 0-0: Foul Ball, location: 2F
0-1: Foul Ball, location: 2F
0-2: Ball
1-2: Foul Ball, location: 2F
1-2: Hit by Pitch
Batting: RHB Patrick Potts 0-0: 3-RUN HOME RUN (Flyball, 7LD), Distance : 355 ft
Batting: RHB Yasutoki Kojima 0-0: Ball
1-0: Called Strike
1-1: Ball
2-1: SINGLE (Groundball, 6MD) (infield hit)
Batting: RHB Ramiro Chávez 0-0: Called Strike
0-1: DOUBLE (Line Drive, 5D)
Yasutoki Kojima to third
Runner from 3rd tries for Home, SAFE, no throw or cutoff
Batting: RHB Jesús Ramírez 0-0: Ball
1-0: Ground out 6-3 (Groundball, 6M)
Top of the 4th over - 7 run(s), 7 hit(s), 1 error(s), 1 left on base; Mt Pleasant 12 - Wilmington 3
BOTTOM OF THE 4TH
Wilmington Rebels batting - Pitching for Mt Pleasant Bearcats : RHP Curt Howard
Batting: RHB Al Reese 0-0: Ground out 4-3 (Groundball, 4S)
Batting: LHB Chandler Hubbard 0-0: Ball
1-0: Ball
2-0: Ground out U3 (Groundball, 3L)
Batting: LHB David Cháves 0-0: Ball
1-0: SINGLE (Groundball, 56D)
Batting: RHB Shawn Marshall 0-0: Called Strike
0-1: Ball
1-1: Swinging Strike
1-2: SINGLE (Line Drive, 8RS)
David Cháves to second
Batting: RHB Octávio Marín 0-0: Called Strike
0-1: Swinging Strike
0-2: Ball
1-2: Ball
2-2: Foul Ball, location: 2F
2-2: Fielders Choice at 2nd, 5-4 (Groundball, 56)
Bottom of the 4th over - 0 run(s), 2 hit(s), 0 error(s), 1 left on base; Mt Pleasant 12 - Wilmington 3
TOP OF THE 5TH
Mt Pleasant Bearcats batting - Pitching for Wilmington Rebels : LHP Miguel Valentín
Batting: RHB Ichizo Akiyama 0-0: Called Strike
0-1: SINGLE (Flyball, 89S)
Batting: RHB Luis Maldonado 0-0: Ball
1-0: Ball
2-0: Fly out, F4 (Popup, 4D)
Batting: RHB Chris Jones 0-0: Called Strike
0-1: Foul Ball, location: 2F
0-2: Ball
1-2: SINGLE (Groundball, 6MD)
Ichizo Akiyama to second
Batting: RHB Juan Trujillo 0-0: TRIPLE (Line Drive, 9LM)
Ichizo Akiyama scores
Chris Jones scores
Pitching: LHP Chu-chu Ch'oe
Batting: RHB Carlos Luna 0-0: Ball
1-0: Called Strike
1-1: Ball
2-1: Called Strike
2-2: Foul Ball, location: 2F
2-2: SINGLE (Groundball, 4MD)
Juan Trujillo scores
Batting: RHB Patrick Potts 0-0: Ball
1-0: Called Strike
1-1: 2-RUN HOME RUN (Flyball, 7LD), Distance : 368 ft
Batting: RHB Yasutoki Kojima 0-0: Fly out, F1 (Line Drive, 13)
Batting: RHB Ramiro Chávez 0-0: Foul Ball, location: 2F
0-1: Ball
1-1: Foul Ball, location: 2F
1-2: Hit by Pitch
Batting: RHB Jesús Ramírez 0-0: Called Strike
0-1: Swinging Strike
0-2: Foul Ball, location: 2F
0-2: Ball
1-2: Ball
2-2: Strikes out swinging
Top of the 5th over - 5 run(s), 5 hit(s), 0 error(s), 1 left on base; Mt Pleasant 17 - Wilmington 3
BOTTOM OF THE 5TH
Wilmington Rebels batting - Pitching for Mt Pleasant Bearcats : RHP Curt Howard
Batting: LHB Dave Watson 0-0: Foul Ball, location: 2F
0-1: Swinging Strike
0-2: Ball
1-2: Strikes out swinging
Batting: RHB Stephen Cochran 0-0: Swinging Strike
0-1: Ball
1-1: Foul Ball, location: 2F
1-2: Fly out, F3 (Popup, 3L)
Batting: RHB Vicente Valentín 0-0: Ball
1-0: Called Strike
1-1: Ball
2-1: Foul Ball, location: 2F
2-2: Ball
3-2: SOLO HOME RUN (Flyball, 7LD), Distance : 371 ft
Batting: RHB Carlos Ordóńez 0-0: Ball
1-0: Ball
2-0: Ball
3-0: Base on Balls
Pitching: LHP Ed Stevens
Batting: RHB Al Reese 0-0: Ball
1-0: Called Strike
1-1: Swinging Strike
1-2: Ball
2-2: Ground out 4-3 (Groundball, 4)
Bottom of the 5th over - 1 run(s), 1 hit(s), 0 error(s), 1 left on base; Mt Pleasant 17 - Wilmington 4
TOP OF THE 6TH
Mt Pleasant Bearcats batting - Pitching for Wilmington Rebels : LHP Chu-chu Ch'oe
Batting: RHB Ichizo Akiyama 0-0: Called Strike
0-1: Ball
1-1: Called Strike
1-2: Ball
2-2: SINGLE (Groundball, 6MD)
Batting: RHB Luis Maldonado 0-0: Ball
1-0: TRIPLE (Line Drive, 8RD)
Ichizo Akiyama scores
Pitching: LHP Corey Moore
Batting: RHB Chris Jones 0-0: Swinging Strike
0-1: Ball
1-1: Ball
2-1: Ball
3-1: Base on Balls
Batting: RHB Juan Trujillo 0-0: DOUBLE (Flyball, 8RXD)
Luis Maldonado scores
Chris Jones to third
Batting: RHB Carlos Luna 0-0: SINGLE (Line Drive, 78M)
Chris Jones scores
Juan Trujillo to third
Runner from 3rd tries for Home, SAFE, no throw or cutoff
Pitching: RHP Ricardo Torres
Batting: RHB Patrick Potts 0-0: Ball
1-0: Called Strike
1-1: Foul Ball, location: 2F
1-2: Ball
2-2: Ball
3-2: Base on Balls
Carlos Luna to second
Batting: RHB Yasutoki Kojima 0-0: Ball
1-0: Ball
2-0: Ball
3-0: Called Strike
3-1: SINGLE (Line Drive, 89S)
Carlos Luna to third
Patrick Potts to second
Runner from 3rd tries for Home, SAFE, no throw or cutoff
Batting: RHB Ramiro Chávez 0-0: Called Strike
0-1: Ball
1-1: Grounds into double play, 5-4-3 (Groundball, 5)
Patrick Potts to third
Batting: RHB Jesús Ramírez 0-0: Called Strike
0-1: Ball
1-1: Ball
2-1: Called Strike
2-2: Foul Ball, location: 2F
2-2: Strikes out looking
Top of the 6th over - 5 run(s), 5 hit(s), 0 error(s), 1 left on base; Mt Pleasant 22 - Wilmington 4
BOTTOM OF THE 6TH
Wilmington Rebels batting - Pitching for Mt Pleasant Bearcats : LHP Ed Stevens
Batting: LHB Chandler Hubbard 0-0: Foul Ball, location: 2F
0-1: Called Strike
0-2: Foul Ball, location: 2F
0-2: Strikes out swinging
Batting: LHB David Cháves 0-0: Ball
1-0: Ball
2-0: Ball
3-0: Called Strike
3-1: Base on Balls
Batting: RHB Shawn Marshall 0-0: Fly out, F9 (Flyball, 9S)
Batting: RHB Octávio Marín 0-0: Called Strike
0-1: Called Strike
0-2: Ball
David Cháves steals 2nd base
1-2: Ball
2-2: Ball
3-2: Strikes out swinging
Bottom of the 6th over - 0 run(s), 0 hit(s), 0 error(s), 1 left on base; Mt Pleasant 22 - Wilmington 4
TOP OF THE 7TH
Mt Pleasant Bearcats batting - Pitching for Wilmington Rebels : RHP Ricardo Torres
Batting: RHB Ichizo Akiyama 0-0: Called Strike
0-1: Ball
1-1: Foul Ball, location: 2F
1-2: Foul Ball, location: 2F
1-2: Ball
2-2: Foul Ball, location: 2F
2-2: Ball
3-2: Fly out, F9 (Popup, 89S)
Batting: RHB Luis Maldonado 0-0: Ground out 4-3 (Groundball, 4M)
Batting: RHB Chris Jones 0-0: Ball
1-0: Swinging Strike
1-1: Ball
2-1: Foul Ball, location: 2F
2-2: Strikes out swinging
Top of the 7th over - 0 run(s), 0 hit(s), 0 error(s), 0 left on base; Mt Pleasant 22 - Wilmington 4
BOTTOM OF THE 7TH
Wilmington Rebels batting - Pitching for Mt Pleasant Bearcats : LHP Ed Stevens
Batting: LHB Dave Watson 0-0: Swinging Strike
0-1: Ball
1-1: Ball
2-1: Ball
3-1: Fly out, F9 (Line Drive, 89D)
Batting: RHB Stephen Cochran 0-0: Called Strike
0-1: Foul Ball, location: 2F
0-2: Strikes out swinging
Batting: RHB Vicente Valentín 0-0: Ball
1-0: Ball
2-0: Ball
3-0: Base on Balls
Batting: RHB Carlos Ordóńez 0-0: Ball
1-0: Ball
2-0: Ball
3-0: Called Strike
3-1: Fly out, F9 (Line Drive, 9M)
Bottom of the 7th over - 0 run(s), 0 hit(s), 0 error(s), 1 left on base; Mt Pleasant 22 - Wilmington 4
TOP OF THE 8TH
Mt Pleasant Bearcats batting - Pitching for Wilmington Rebels : RHP Ricardo Torres
Pitching: RHP Manuel Ferreira
Batting: RHB Juan Trujillo 0-0: Swinging Strike
0-1: Swinging Strike
0-2: Foul Ball, location: 2F
0-2: Ball
1-2: Strikes out swinging
Pinch Hitting: RHB Irving Galloway 0-0: Called Strike
0-1: Swinging Strike
0-2: Strikes out swinging
Batting: RHB Patrick Potts 0-0: Ball
1-0: DOUBLE (Line Drive, 3D)
Batting: RHB Yasutoki Kojima 0-0: Foul Ball, location: 2F
0-1: Ball
1-1: Fly out, F4 (Line Drive, 4)
Top of the 8th over - 0 run(s), 1 hit(s), 0 error(s), 1 left on base; Mt Pleasant 22 - Wilmington 4
BOTTOM OF THE 8TH
Wilmington Rebels batting - Pitching for Mt Pleasant Bearcats : LHP Ed Stevens
Pitching: RHP Brad Sharpe
Now in RF: Irving Galloway
Batting: RHB Al Reese 0-0: Ball
1-0: Called Strike
1-1: Ball
2-1: Foul Ball, location: 2F
Single, Error in OF, E7, batter to second base
Batting: LHB Chandler Hubbard 0-0: Called Strike
0-1: Ground out 3-1 (Groundball, 34S)
Al Reese to third
Batting: LHB David Cháves 0-0: Swinging Strike
0-1: Swinging Strike
0-2: Ball
1-2: Foul Ball, location: 2F
1-2: Strikes out swinging
Batting: RHB Shawn Marshall 0-0: Fly out, F8 (Line Drive, 8RM)
Bottom of the 8th over - 0 run(s), 1 hit(s), 1 error(s), 1 left on base; Mt Pleasant 22 - Wilmington 4
TOP OF THE 9TH
Mt Pleasant Bearcats batting - Pitching for Wilmington Rebels : RHP Manuel Ferreira
Batting: RHB Ramiro Chávez 0-0: Called Strike
0-1: Ball
1-1: Ball
2-1: Foul Ball, location: 2F
2-2: Ball
3-2: Strikes out swinging
Batting: RHB Jesús Ramírez 0-0: Swinging Strike
0-1: Ball
1-1: Ball
2-1: Called Strike
2-2: Strikes out swinging
Batting: RHB Ichizo Akiyama 0-0: Called Strike
0-1: Ball
1-1: Ground out 5-3 (Groundball, 56S)
Top of the 9th over - 0 run(s), 0 hit(s), 0 error(s), 0 left on base; Mt Pleasant 22 - Wilmington 4
BOTTOM OF THE 9TH
Wilmington Rebels batting - Pitching for Mt Pleasant Bearcats : RHP Brad Sharpe
Pinch Hitting: RHB Jessie Thompson 0-0: Ground out 5-3 (Groundball, 56)
Batting: LHB Dave Watson 0-0: Called Strike
0-1: Ball
1-1: Ground out U3 (Groundball, 3)
Batting: RHB Stephen Cochran 0-0: Ball
1-0: Ball
2-0: Ball
3-0: Swinging Strike
3-1: Fly out, F8 (Flyball, 8RM)
Bottom of the 9th over - 0 run(s), 0 hit(s), 0 error(s), 0 left on base; Mt Pleasant 22 - Wilmington 4
This league is powered by Out of the Park Baseball, the baseball management simulation game for PC, Mac and Linux
Tuesday, August 2nd, 2016 - OOTP Baseball 16.8 Build 38